 Dungeon Crawl Stone Soup version 0.20-a0-700-gbd4582c (webtiles) character file.

320 Laan the Quickloader (level 6, -1/35 HPs)
             Began as a Kobold Hunter on Feb 20, 2017.
             Slain by Pikel
             ... wielding a +0 whip of flaming
              (6 damage)
             ... on level 4 of the Dungeon.
             The game lasted 00:05:09 (2767 turns).

Laan the Quickloader (Kobold Hunter)                Turns: 2767, Time: 00:05:10

Health: -1/35      AC:  5    Str: 11    XL:     6   Next: 75%
Magic:  6/6        EV: 15    Int: 17    God:
Gold:   177        SH:  0    Dex: 16    Spells: 5/5 levels left

rFire    . . .     SeeInvis +   a - +1 hand crossbow
rCold    . . .     Gourm    .   c - +0 leather armour
rNeg     . . .     Faith    .   (shield restricted)
rPois    .         Spirit   .   g - +1 helmet {SInv}
rElec    .         Reflect  .   (no cloak)
rCorr    .         Harm     .   (no gloves)
MR       .....                  (no boots)
Stlth    ++........             (no amulet)
Regen    0.2/turn               (no ring)
MPRegen  0.1/turn               (no ring)

@: brilliant
A: carnivore 3
a: no special abilities


You were on level 4 of the Dungeon.
You were completely stuffed.

You visited 1 branch of the dungeon, and saw 5 of its levels.

You collected 177 gold pieces.

Inventory:

Hand Weapons
 a - a +1 hand crossbow (weapon)
 b - a +0 short sword
Missiles
 d - 11 bolts (quivered)
Armour
 c - a +0 leather armour (worn)
 g - a +1 helmet of see invisible (worn)
Jewellery
 p - an uncursed amulet of regeneration {unknown}
Scrolls
 j - 5 scrolls of identify {unknown}
 l - 4 scrolls of teleportation {unknown}
 m - a scroll of noise {unknown}
 n - 2 scrolls of remove curse {unknown}
 o - a scroll of fog {unknown}
 u - a scroll of immolation {unknown}
 v - a scroll of amnesia {unknown}
 w - a scroll of magic mapping {unknown}
Potions
 e - 2 potions of flight {unknown}
 h - 2 potions of brilliance
 i - 2 potions of heal wounds {unknown}
 r - a potion of might {unknown}
 s - 2 potions of degeneration {unknown}
 t - a potion of cancellation {unknown}
Comestibles
 f - 2 meat rations
 k - 2 chunks of flesh
 q - a royal jelly


   Skills:
 - Level 2.1 Fighting
 + Level 9.1 Crossbows
 - Level 2.4 Dodging
 - Level 1.3 Stealth


You had 5 spell levels left.
You didn't know any spells.

Dungeon Overview and Level Annotations

Branches:
Dungeon (5/15)
 Temple: D:4-7

Altars:
Dithmenos

Annotations:
D:4 Pikel


Innate Abilities, Weirdness & Mutations

You are small and have problems with some larger weapons.
You are carnivorous and can eat meat at any time.


Message History

Pikel is heavily wounded.
Pikel hits you with a whip of flaming. Pikel burns you.
Firing (i - inventory):
d - 12 bolts (quivered)
Press: ? - help, Shift-Dir - straight line, f/p - Pikel
Aim: Pikel, wielding a whip of flaming and wearing a robe (heavily wounded)
You shoot a bolt. The bolt barely misses Pikel.
The bolt hits the slave!
The slave is heavily wounded.
Pikel hits you with a whip of flaming. Pikel burns you.
* * * LOW HITPOINT WARNING * * *
You are too injured to fight recklessly!
You are too injured to fight recklessly!
Pikel hits you with a whip of flaming.
* * * LOW HITPOINT WARNING * * *
Pikel burns you.
* * * LOW HITPOINT WARNING * * *
Okay, then.
It was a potion of brilliance.
You feel clever all of a sudden. Pikel hits you with a whip of flaming.
You die...

############################
.......[[(..l.pK@..........#
.......###################.#
........># #.# #######..#
#.# #..#################.#
#..................#.#
#..###############.#.# ##.##
#.#.# #..# #.#.######


You could see Pikel, a slave and a frilled lizard.

Vanquished Creatures
  A slave (D:4)
  The ghost of emsyzz the Firebug, an amateur DEFE (D:3)
  A scorpion (D:4)
  2 orc wizards (D:4)
  A worker ant (D:4)
  4 adders
  A dart slug (D:1)
  4 leopard geckos
  3 orcs (D:4)
  9 bats
  7 giant cockroaches
  9 goblins
  16 hobgoblins
  4 kobolds
  A quokka (D:3)
  2 ball pythons
  2 frilled lizards (D:1)
  11 rats
79 creatures vanquished.

Notes
Turn   | Place    | Note
-------+----------+-------------------------------------------
     0 | D:1      | Laan the Kobold Hunter began the quest for the Orb.
     0 | D:1      | Reached XP level 1. HP: 12/12 MP: 1/1
    42 | D:1      | Reached skill level 5 in Crossbows
   134 | D:1      | Reached XP level 2. HP: 17/17 MP: 2/2
   307 | D:1      | Reached XP level 3. HP: 16/21 MP: 3/3
   381 | D:1      | Reached skill level 6 in Crossbows
  1073 | D:2      | Reached XP level 4. HP: 26/26 MP: 4/4
  1447 | D:3      | Noticed emsyzz's ghost (amateur DEFE)
  1456 | D:3      | Killed emsyzz's ghost
  1456 | D:3      | Reached skill level 7 in Crossbows
  1456 | D:3      | Reached XP level 5. HP: 16/30 MP: 5/5
  2201 | D:3      | You fall through a shaft for 2 floors!
  2201 | D:5      | Entered Level 5 of the Dungeon
  2217 | D:4      | Reached skill level 8 in Crossbows
  2217 | D:4      | Reached XP level 6. HP: 35/35 MP: 6/6
  2501 | D:4      | Reached skill level 9 in Crossbows
  2690 | D:4      | Found a shadowy altar of Dithmenos.
  2700 | D:4      | Noticed a slave
  2701 | D:4      | Noticed Pikel
  2701 | D:4      | Noticed a slave
  2702 | D:4      | Noticed a slave
  2703 | D:4      | Noticed a slave
  2755 | D:4      | Killed a slave
  2767 | D:4      | Slain by Pikel

Vault maps used:
D:1:      onia_arrival_larder, minmay_nonomino_d4
D:2:      kennysheep_doodads
D:4:      nicolae_gozag_zags_fifth_avenue, grunt_dithmenos_smoke_and_mirrors,
          uniq_eustachio, uniq_pikel
D:5:      marbit_many_paths, bloody_trog, temple_green, first_bread,
          sigmund_army

Skill      XL: |  1  2  3  4  5  6 |
---------------+-------------------+-----
Crossbows      | 5 6 7 8 9 |  9.1
Fighting       | |  2.1
Dodging        | |  2.4
Stealth        | |  1.3

Action                   |  1- 3 |  4- 6 || total
-------------------------+-------+-------++-------
Melee: Short sword       |    39 |    11 ||    50
 Fire: Hand crossbow     |    68 |    97 ||   165
  Use: Potion            |       |     1 ||     1
  Eat: Chunk             |     9 |     5 ||    14
Armor: Leather armour    |     8 |    12 ||    20
Dodge: Dodged            |    39 |    31 ||    70
